 Dungeon Crawl Stone Soup version 0.29.0-4-gdea44cf6ec (webtiles) character file.

Game seed: 9996535681061432699

19015 qw the Grappler (level 12, -4/111 (113) HPs)
             Began as a Troll Cinder Acolyte on Sept 1, 2022.
             Was an Initiate of Okawaru.
             Slain by a fire elemental (12 damage)
             ... created by the fiery vengeance of Ignis
             ... on level 3 of the Lair of Beasts.
             The game lasted 00:06:16 (11309 turns).

qw the Grappler (Troll Cinder Acolyte)             Turns: 11309, Time: 00:06:16

HP:   -4/111 (113)  AC:  9    Str: 29    XL:     12   Next: 32%
MP:   12/12         EV: 12    Int: 10    God:    Okawaru [......]
Gold: 228           SH: 20    Dex:  5    Spells: 13/13 levels left

rFire   . . .      SeeInvis +     - Unarmed
rCold   + . .      Faith    .   r - +5 kite shield "Corab" {-Cast rElec rPois rN+ SInv}
rNeg    + . .      Spirit   .   l - +2 robe {rC+}
rPois   +          Reflect  +   (helmet restricted)
rElec   +          Harm     .   k - +2 cloak
rCorr   .          Rampage  .   (gloves unavailable)
Will    .....      NoCast   +   (boots unavailable)
Stlth   +.........              q - amulet of reflection
HPRegen 1.08/turn               t - +4 ring of evasion
MPRegen 0.13/turn               o - +4 ring of slaying {mikee}

@: about to teleport, slowed, lightly drained, fire susceptible, very slow
A: large, unfitting armour, claws 3, regeneration 1, shaggy fur 1, tough skin 1
a: Renounce Religion


You were on level 3 of the Lair of Beasts.
You worshipped Okawaru.
Okawaru was noncommittal.
You visited 3 branches of the dungeon, and saw 14 of its levels.

You collected 711 gold pieces.
You spent 483 gold pieces at shops.


Innate Abilities, Weirdness & Mutations

You are too large for most types of armour.
You have claws for hands.
Your natural rate of healing is unusually fast.
You are covered in fur. (AC +1)
You have tough skin. (AC +1)


   Skills:
 + Level 5.6 Fighting
 - Level 3.2 Throwing
 - Level 1.1 Armour
 - Level 1.1 Dodging
 - Level 12.0 Shields
 - Level 14.2 Unarmed Combat
 - Level 1.0 Spellcasting
 - Level 2.1 Fire Magic


You had 13 spell levels left.
You didn't know any spells.
Your spell library contained the following spells:

 Spells                   Type           Power      Damage    Failure   Level
 Scorch                   Fire           8%         2d5       36%         2

Inventory:

Armour
 a - a +0 troll leather armour
 d - a +0 robe of fire resistance
 f - a +0 tower shield
 k - a +2 cloak (worn)
 l - a +2 robe of cold resistance (worn)
 r - the +5 kite shield "Corab" (worn) {-Cast rElec rPois rN+ SInv}
   (You acquired it on level 1 of the Lair of Beasts)

   rElec:     It insulates you from electricity.
   rPois:     It protects you from poison.
   rN:        It protects you from negative energy.
   SInv:      It lets you see invisible.
   -Cast:     It prevents spellcasting.
Jewellery
 o - a +4 ring of slaying (right claw) {mikee}
 q - an amulet of reflection (around neck)
 t - a +4 ring of evasion (left claw)
Scrolls
 b - 10 scrolls of identify
 i - a scroll of enchant armour
 p - a scroll of brand weapon
 u - 4 scrolls of teleportation
Potions
 c - 2 potions of haste
 e - a potion of mutation
 h - a potion of resistance
 m - a potion of curing
 w - a potion of might

Dungeon Overview and Level Annotations

Branches:
Dungeon (10/15)            Temple (1/1) D:6            Lair (3/5) D:10
 Spider (0/4) Lair:2
  Swamp: Lair:2-3    Shoals: Lair:2-3       Orc: D:9-12

Altars:
Ashenzari
Dithmenos
Elyvilon
Fedhas
Gozag
Hepliaklqana
Makhleb
Nemelex Xobeh
Okawaru
Qazlal
Ru
Trog
Uskayaw
Vehumet
Xom
Yredelemnul
Zin

Shops:
D:1 (   D:2 ?   D:10 ???

Annotations:
D:5 1 runed translucent door, Crazy Yiuf


Message History

Enter note: You start resting. "These will know how to inflict the punishment due to you!"
The divine experience drains your vigour!
You feel yourself slow down. 3 fire elementals come into view.
11303 ||| Stepping ~*~*~tactically~*~*~ (outnumbered).
A water moccasin comes into view.
The water moccasin hisses angrily.
You mangle the fire elemental!!
The fire elemental is almost destroyed.
You block the fire elemental's attack. The fire elemental hits you.
The fire elemental burns you! You block the fire elemental's attack.
You scratch the fire elemental.
You destroy the fire elemental!
That felt strangely unrewarding.
You block the water moccasin's attack. The fire elemental hits you.
The fire elemental burns you! You block the fire elemental's attack.
The water moccasin bites you but does no damage.
The fire elemental hits you. The fire elemental burns you!
You block the fire elemental's attack.
You mangle the water moccasin!!
The water moccasin is almost dead.
The water moccasin closely misses you. You block the fire elemental's attack.
The fire elemental hits you. The fire elemental burns you!
You miss the water moccasin.
The water moccasin is almost dead.
The water moccasin bites you but does no damage.
You block the fire elemental's attack. The fire elemental misses you.
You block the water moccasin's attack. The fire elemental closely misses you.
The fire elemental hits you. The fire elemental burns you!
11309 ||| READING 5 scrolls of teleportation.
As you read the scroll of teleportation, it crumbles to dust.
You feel strangely unstable. You block the water moccasin's attack.
You block the fire elemental's attack. The fire elemental hits you.
The fire elemental burns you! You block the water moccasin's attack.
The fire elemental hits you. The fire elemental burns you!
The fire elemental hits you. The fire elemental burns you!
You die...

.... .........
.....#.........
#....#........
#.}.[........
#...#........
#...#........
##...........
#....E.......
#.#P.@E0......
......S.........
................
................
...........!....
................
................
...............


You could see 2 fire elementals and a water moccasin.

Vanquished Creatures
  Snorg (Lair:3)
  Erolcha (D:9)
  Fannar (D:10)
  Nergalle (Lair:3)
  An oklob plant (Lair:2)
  6 elephants (Lair:2)
  Maurice (D:8)
  2 black mambas (Lair:2)
  4 cane toads
  2 komodo dragons
  An unseen horror zombie (D:7)
  A rime drake (Lair:2)
  2 trolls (D:10)
  A meliai (Lair:2)
  Grinder (D:6)
  12 blink frogs (Lair:2)
  A wraith (D:10)
  Sigmund (D:3)
  9 yaks (Lair:2)
  A wyvern (Lair:2)
  A basilisk (Lair:2)
  A fire elemental (Lair:3)
  2 vampire mosquitoes (D:9)
  Grum (D:8)
  A water moccasin (Lair:2)
  2 orc warriors
  A sky beast (D:7)
  3 ice beasts
  2 black bears
  3 centaurs
  4 wolves (D:8)
  2 ogres
  3 phantoms
  A kobold brigand (D:10)
  8 bullfrogs
  A gnoll sergeant (D:7)
  A wyvern zombie (D:7)
  4 scorpions
  A water moccasin zombie (D:7)
  19 wights
  14 killer bees
  An electric eel (Lair:2)
  2 howler monkeys (D:10)
  2 centaur zombies (D:7)
  4 crimson imps (D:8)
  8 orc priests
  6 hounds
  2 jellies
  2 iguanas (D:6)
  3 orc wizards
  3 killer bee zombies (D:7)
  2 howler monkey zombies (D:7)
  9 gnolls
  10 adders
  A white imp (D:6)
  5 worms
  5 dart slugs
  31 orcs
  12 endoplasms
  3 giant cockroaches
  12 goblins
  10 hobgoblins
  5 jackals (D:1)
  5 quokkas
  5 ball pythons
  12 bats
  4 frilled lizards
  6 kobolds
  7 rats
  A spectral hobgoblin (D:9)
303 creatures vanquished.

Vanquished Creatures (others)
  17 fungi (Lair:2)
  22 plants
39 creatures vanquished.

Grand Total: 342 creatures vanquished

Notes
Turn   | Place    | Note
-------+----------+-------------------------------------------
     0 | D:1      | qw the Troll Cinder Acolyte began the quest for the Orb.
     0 | D:1      | Reached XP level 1. HP: 22/22 MP: 1/1
     0 | D:1      | 0 ||| qw: Version: 0.1-a-97-g2dd2ca4
     0 | D:1      | 0 ||| qw: Game counter: 4706
     0 | D:1      | 0 ||| qw: Always use a shield: true
     0 | D:1      | 0 ||| qw: God list: Okawaru
     0 | D:1      | 0 ||| qw: Allow faded altars: false
     0 | D:1      | 0 ||| qw: Do Orc after D:15 true
     0 | D:1      | 0 ||| qw: Do second Lair branch before Depths: true
     0 | D:1      | 0 ||| qw: Lair rune preference: random
     0 | D:1      | 0 ||| qw: Plans: Normal
     0 | D:1      | 0 ||| PLANNING D:1-11
    66 | D:1      | Found Byucecus's Weapon Emporium.
   177 | D:1      | Reached XP level 2. HP: 24/29 MP: 2/2
   255 | D:1      | 255 ||| Stepping ~*~*~tactically~*~*~ (stealth).
   257 | D:1      | 257 ||| Stepping ~*~*~tactically~*~*~ (stealth).
   265 | D:1      | 265 ||| Stepping ~*~*~tactically~*~*~ (stealth).
   367 | D:1      | Reached skill level 4 in Unarmed Combat
   565 | D:1      | 565 ||| READING 2 scrolls labelled CUC ZAMIOM.
   578 | D:2      | 578 ||| Stepping ~*~*~tactically~*~*~ (stealth).
   580 | D:2      | 580 ||| STAIRDANCE
   585 | D:2      | 585 ||| STAIRDANCE
   599 | D:2      | 599 ||| STAIRDANCE
   608 | D:2      | Reached XP level 3. HP: 35/36 MP: 3/3
   608 | D:2      | 608 ||| Stepping ~*~*~tactically~*~*~ (stealth).
   881 | D:2      | Found Plog's Magic Scroll Emporium.
   886 | D:2      | 886 ||| BUYING scroll of enchant armour (90 gold).
   886 | D:2      | Bought a scroll of enchant armour for 90 gold pieces
   886 | D:2      | 886 ||| BUYING scroll of identify (24 gold).
   886 | D:2      | Bought a scroll of identify for 24 gold pieces
   886 | D:2      | 886 ||| SHOPLISTING scroll of identify (24 gold, have 14).
   887 | D:2      | 887 ||| Stepping ~*~*~tactically~*~*~ (stealth).
   888 | D:2      | 888 ||| Stepping ~*~*~tactically~*~*~ (stealth).
  1139 | D:2      | Found a faded altar of an unknown god.
  1268 | D:2      | 1268 ||| Stepping ~*~*~tactically~*~*~ (outnumbered).
  1276 | D:2      | Reached skill level 5 in Unarmed Combat
  1276 | D:2      | Reached XP level 4. HP: 38/44 MP: 4/4
  1317 | D:2      | 1317 ||| Stepping ~*~*~tactically~*~*~ (stealth).
  1449 | D:2      | 1449 ||| READING scroll labelled XERUSA YHETHOR.
  1450 | D:2      | 1450 ||| DRINKING 2 purple potions.
  1451 | D:2      | 1451 ||| READING 3 scrolls of identify.
  1451 | D:2      | 1451 ||| IDENTIFYING glowing pink potion
  1452 | D:2      | 1452 ||| DROPPING potion of berserk rage.
  1507 | D:3      | 1507 ||| Stepping ~*~*~tactically~*~*~ (stealth).
  1770 | D:3      | 1770 ||| Stepping ~*~*~tactically~*~*~ (stealth).
  1772 | D:3      | 1772 ||| Stepping ~*~*~tactically~*~*~ (hiding).
  1779 | D:3      | Reached skill level 1 in Throwing
  1779 | D:3      | Reached XP level 5. HP: 47/50 MP: 5/5
  1788 | D:3      | Found a bloodstained altar of Trog.
  1843 | D:3      | 1843 ||| Stepping ~*~*~tactically~*~*~ (stealth).
  1844 | D:3      | 1844 ||| Stepping ~*~*~tactically~*~*~ (stealth).
  1847 | D:3      | Noticed Sigmund
  1848 | D:3      | 1848 ||| INVOKING Fiery Armour.
  1852 | D:3      | Killed Sigmund
  1853 | D:3      | Reached skill level 6 in Unarmed Combat
  1853 | D:3      | Reached XP level 6. HP: 58/59 MP: 6/6
  2077 | D:3      | 2077 ||| FLEEEEING.
  2081 | D:3      | 2081 ||| FLEEEEING.
  2082 | D:3      | 2082 ||| FLEEEEING.
  2083 | D:3      | 2083 ||| FLEEEEING.
  2084 | D:3      | 2084 ||| FLEEEEING.
  2085 | D:3      | 2085 ||| FLEEEEING.
  2086 | D:3      | 2086 ||| FLEEEEING.
  2088 | D:3      | 2088 ||| FLEEEEING.
  2089 | D:3      | 2089 ||| FLEEEEING.
  2093 | D:3      | 2093 ||| FLEEEEING.
  2094 | D:3      | 2094 ||| STAIRDANCE
  2114 | D:2      | 2114 ||| READING 2 scrolls of identify.
  2114 | D:2      | 2114 ||| IDENTIFYING inky potion
  2117 | D:3      | 2117 ||| Stepping ~*~*~tactically~*~*~ (hiding).
  2219 | D:3      | 2219 ||| Stepping ~*~*~tactically~*~*~ (stealth).
  2283 | D:3      | Reached skill level 7 in Unarmed Combat
  2460 | D:3      | 2460 ||| READING scroll labelled WEUTATTE TYFES.
  2461 | D:3      | 2461 ||| READING 2 scrolls of teleportation.
  2519 | D:4      | Found a blossoming altar of Fedhas.
  2538 | D:4      | Found a radiant altar of Vehumet.
  2685 | D:4      | Reached XP level 7. HP: 61/66 MP: 7/7
  2821 | D:4      | 2821 ||| Stepping ~*~*~tactically~*~*~ (stealth).
  2822 | D:4      | 2822 ||| Stepping ~*~*~tactically~*~*~ (stealth).
  2837 | D:4      | 2837 ||| Stepping ~*~*~tactically~*~*~ (hiding).
  2838 | D:4      | 2838 ||| Stepping ~*~*~tactically~*~*~ (hiding).
  2852 | D:4      | 2852 ||| INVOKING Fiery Armour.
  2854 | D:4      | Reached skill level 8 in Unarmed Combat
  2856 | D:4      | 2856 ||| FLEEEEING.
  2863 | D:4      | 2863 ||| FLEEEEING.
  2864 | D:4      | 2864 ||| FLEEEEING.
  2865 | D:4      | 2865 ||| FLEEEEING.
  2866 | D:4      | 2866 ||| FLEEEEING.
  2867 | D:4      | 2867 ||| FLEEEEING.
  2868 | D:4      | 2868 ||| FLEEEEING.
  2869 | D:4      | 2869 ||| FLEEEEING.
  2870 | D:4      | 2870 ||| STAIRDANCE
  2902 | D:3      | 2902 ||| UPGRADING to ring of see invisible.
  2903 | D:3      | 2903 ||| UPGRADING to +4 ring of slaying {mikee}.
  2904 | D:3      | 2904 ||| READING scroll labelled CENNEH PEY.
  2905 | D:3      | 2905 ||| READING scroll labelled HAUNYG AMUI.
  2906 | D:3      | 2906 ||| READING scroll labelled OLANGU PASORHENN.
  2942 | D:4      | 2942 ||| Stepping ~*~*~tactically~*~*~ (hiding).
  3207 | D:4      | 3207 ||| Stepping ~*~*~tactically~*~*~ (outnumbered).
  3210 | D:4      | Reached skill level 3 in Fighting
  3344 | D:4      | 3344 ||| DRINKING 2 grey potions.
  3345 | D:4      | 3345 ||| DROPPING potion of brilliance.
  3362 | D:5      | Entered Level 5 of the Dungeon
  3393 | D:5      | 3393 ||| Stepping ~*~*~tactically~*~*~ (hiding).
  3405 | D:5      | 3405 ||| Stepping ~*~*~tactically~*~*~ (stealth).
  3408 | D:5      | Reached skill level 3 in Throwing
  3475 | D:5      | 3475 ||| Stepping ~*~*~tactically~*~*~ (stealth).
  3482 | D:5      | 3482 ||| Stepping ~*~*~tactically~*~*~ (stealth).
  3484 | D:5      | 3484 ||| Stepping ~*~*~tactically~*~*~ (hiding).
  3633 | D:5      | Found a runed translucent door.
  3634 | D:5      | Noticed Crazy Yiuf
  3744 | D:5      | 3744 ||| Stepping ~*~*~tactically~*~*~ (stealth).
  3749 | D:5      | Reached XP level 8. HP: 75/75 MP: 8/8
  3786 | D:5      | Reached skill level 9 in Unarmed Combat
  4025 | D:5      | 4025 ||| UPGRADING to +0 tower shield.
  4068 | D:6      | Reached skill level 1 in Shields
  4070 | D:6      | 4070 ||| Stepping ~*~*~tactically~*~*~ (stealth).
  4075 | D:6      | 4075 ||| Stepping ~*~*~tactically~*~*~ (hiding).
  4121 | D:6      | 4121 ||| Stepping ~*~*~tactically~*~*~ (stealth).
  4125 | D:6      | Reached skill level 3 in Shields
  4183 | D:6      | Noticed Grinder
  4184 | D:6      | 4184 ||| Stepping ~*~*~tactically~*~*~ (hiding).
  4186 | D:6      | 4186 ||| Stepping ~*~*~tactically~*~*~ (hiding).
  4192 | D:6      | Killed Grinder
  4193 | D:6      | 4193 ||| Stepping ~*~*~tactically~*~*~ (stealth).
  4197 | D:6      | 4197 ||| Stepping ~*~*~tactically~*~*~ (stealth).
  4365 | D:6      | 4365 ||| INVOKING Fiery Armour.
  4456 | D:6      | Found a staircase to the Ecumenical Temple.
  4469 | D:6      | 4469 ||| Stepping ~*~*~tactically~*~*~ (hiding).
  4722 | D:6      | 4722 ||| DROPPING ring of flight.
  4723 | D:6      | 4723 ||| READING scroll labelled QEFOFU UCUOBO.
  4724 | D:6      | 4724 ||| DRINKING 2 bubbling black potions.
  4725 | D:6      | 4725 ||| DROPPING potion of magic.
  4743 | D:7      | Reached XP level 9. HP: 78/81 MP: 9/9
  4771 | D:7      | 4771 ||| INVOKING Fiery Armour.
  4777 | D:7      | Reached skill level 6 in Shields
  4778 | D:7      | 4778 ||| Stepping ~*~*~tactically~*~*~ (outnumbered).
  4945 | D:7      | 4945 ||| Stepping ~*~*~tactically~*~*~ (stealth).
  4948 | D:7      | 4948 ||| Stepping ~*~*~tactically~*~*~ (stealth).
  4956 | D:7      | 4956 ||| Stepping ~*~*~tactically~*~*~ (stealth).
  4960 | D:7      | 4960 ||| Stepping ~*~*~tactically~*~*~ (stealth).
  4961 | D:7      | 4961 ||| Stepping ~*~*~tactically~*~*~ (stealth).
  5016 | D:7      | 5016 ||| Stepping ~*~*~tactically~*~*~ (hiding).
  5017 | D:7      | 5017 ||| Stepping ~*~*~tactically~*~*~ (stealth).
  5020 | D:7      | 5020 ||| Stepping ~*~*~tactically~*~*~ (hiding).
  5150 | D:7      | Found a sparkling altar of Nemelex Xobeh.
  5161 | D:7      | 5161 ||| Stepping ~*~*~tactically~*~*~ (outnumbered).
  5397 | D:7      | 5397 ||| INVOKING Fiery Armour.
  5445 | D:7      | Identified the +7 scale mail "Ryiduwit" {Rampage rElec
                  | rPois Int-2}
  5715 | D:7      | 5715 ||| READING scroll labelled VIHYAN FAEVUCS.
  5715 | D:7      | Identified a scroll of acquirement
  5715 | D:7      | 5715 ||| ACQUIRING amulet of reflection
  5715 | D:7      | Acquired an amulet of reflection
  5717 | D:7      | 5717 ||| UPGRADING to amulet of reflection.
  5722 | D:7      | 5722 ||| READING scroll labelled PINKUE EFUUGOETY.
  5723 | D:7      | 5723 ||| READING 2 scrolls of identify.
  5723 | D:7      | 5723 ||| IDENTIFYING green potion
  5804 | D:7      | 5804 ||| READING scroll of teleportation.
  5805 | D:7      | 5805 ||| STAIRDANCE
  5892 | D:7      | 5892 ||| Stepping randomly (stuck).
  5922 | D:8      | Noticed Grum
  5923 | D:8      | 5923 ||| Stepping ~*~*~tactically~*~*~ (stealth).
  5925 | D:8      | 5925 ||| Stepping ~*~*~tactically~*~*~ (hiding).
  5935 | D:8      | Reached skill level 9 in Shields
  5935 | D:8      | 5935 ||| INVOKING Fiery Armour.
  5942 | D:8      | Killed Grum
  6043 | D:8      | Found a burning altar of Makhleb.
  6051 | D:8      | Identified the +0 robe of Zeotea {Harm Str+4}
  6119 | D:8      | 6119 ||| Stepping ~*~*~tactically~*~*~ (outnumbered).
  6120 | D:8      | 6120 ||| Stepping ~*~*~tactically~*~*~ (outnumbered).
  6123 | D:8      | Reached XP level 10. HP: 80/90 MP: 10/10
  6191 | D:8      | Found a shimmering altar of Xom.
  6250 | D:8      | Noticed Maurice
  6269 | D:8      | Found a hide-covered altar of Uskayaw.
  6271 | D:8      | Killed Maurice
  6326 | D:8      | 6326 ||| Stepping ~*~*~tactically~*~*~ (stealth).
  6328 | D:8      | 6328 ||| Stepping ~*~*~tactically~*~*~ (stealth).
  6332 | D:8      | 6332 ||| Stepping ~*~*~tactically~*~*~ (hiding).
  6335 | D:8      | 6335 ||| Stepping ~*~*~tactically~*~*~ (hiding).
  6337 | D:8      | 6337 ||| Stepping ~*~*~tactically~*~*~ (outnumbered).
  6338 | D:8      | 6338 ||| Stepping ~*~*~tactically~*~*~ (outnumbered).
  6339 | D:8      | 6339 ||| INVOKING Fiery Armour.
  6364 | D:8      | Found a flagged portal.
  6483 | D:8      | 6483 ||| UPGRADING to +0 cloak.
  6488 | D:8      | 6488 ||| READING scroll of enchant armour.
  6488 | D:8      | 6488 ||| ENCHANTING +0 cloak.
  6489 | D:8      | 6489 ||| READING scroll labelled WEITEI VOCHAB.
  6590 | D:8      | 6590 ||| READING scroll labelled ZYINOO QACO.
  6632 | D:8      | 6632 ||| DRINKING 2 fuming cyan potions.
  6633 | D:8      | 6633 ||| READING 2 scrolls of identify.
  6633 | D:8      | 6633 ||| IDENTIFYING coppery potion
  6634 | D:8      | 6634 ||| DROPPING potion of flight.
  6669 | D:7      | 6669 ||| READING 3 scrolls of teleportation.
  6815 | D:7      | 6815 ||| READING 2 scrolls of teleportation.
  6909 | D:9      | 6909 ||| Stepping ~*~*~tactically~*~*~ (outnumbered).
  6986 | D:9      | Noticed Erolcha
  6987 | D:9      | 6987 ||| INVOKING Fiery Armour.
  6994 | D:9      | Killed Erolcha
  7035 | D:9      | Reached skill level 1 in Dodging
  7037 | D:9      | 7037 ||| Stepping ~*~*~tactically~*~*~ (outnumbered).
  7089 | D:9      | 7089 ||| Stepping ~*~*~tactically~*~*~ (stealth).
  7095 | D:9      | 7095 ||| Stepping ~*~*~tactically~*~*~ (stealth).
  7098 | D:9      | 7098 ||| Stepping ~*~*~tactically~*~*~ (outnumbered).
  7099 | D:9      | 7099 ||| Stepping ~*~*~tactically~*~*~ (outnumbered).
  7103 | D:9      | 7103 ||| Stepping ~*~*~tactically~*~*~ (outnumbered).
  7108 | D:9      | Reached skill level 10 in Unarmed Combat
  7321 | D:9      | Found a hazy altar of Hepliaklqana.
  7422 | D:9      | 7422 ||| Stepping ~*~*~tactically~*~*~ (outnumbered).
  7424 | D:9      | 7424 ||| Stepping ~*~*~tactically~*~*~ (outnumbered).
  7646 | D:9      | 7646 ||| UPGRADING to +0 robe of fire resistance.
  7656 | D:9      | 7656 ||| DROPPING +0 robe.
  7657 | D:9      | 7657 ||| READING scroll labelled JOVIGH SOQUXT.
  7658 | D:9      | 7658 ||| READING scroll labelled BEOTA ZANILU.
  7659 | D:9      | 7659 ||| READING 2 scrolls of identify.
  7659 | D:9      | 7659 ||| IDENTIFYING blue potion
  7660 | D:9      | 7660 ||| DROPPING potion of degeneration.
  7683 | D:10     | Entered Level 10 of the Dungeon
  7754 | D:10     | Found Vumod's Magic Scroll Shop.
  7757 | D:10     | 7757 ||| BUYING scroll of identify (32 gold).
  7757 | D:10     | Bought a scroll of identify for 32 gold pieces
  7900 | D:10     | Found Coluimoa's Magic Scroll Shoppe.
  7907 | D:10     | 7907 ||| BUYING scroll of enchant armour (82 gold).
  7907 | D:10     | Bought a scroll of enchant armour for 82 gold pieces
  7907 | D:10     | 7907 ||| BUYING scroll of enchant armour (82 gold).
  7907 | D:10     | Bought a scroll of enchant armour for 82 gold pieces
  7907 | D:10     | 7907 ||| BUYING scroll of teleportation (33 gold).
  7907 | D:10     | Bought a scroll of teleportation for 33 gold pieces
  7907 | D:10     | 7907 ||| READING 2 scrolls of enchant armour.
  7907 | D:10     | 7907 ||| ENCHANTING +1 cloak.
  7939 | D:10     | 7939 ||| Stepping ~*~*~tactically~*~*~ (stealth).
  7961 | D:10     | 7961 ||| INVOKING Fiery Armour.
  8076 | D:10     | 8076 ||| Stepping ~*~*~tactically~*~*~ (stealth).
  8316 | D:10     | Found Noaxtyl's Magic Scroll Shoppe.
  8323 | D:10     | 8323 ||| BUYING scroll of identify (20 gold).
  8323 | D:10     | Bought a scroll of identify for 20 gold pieces
  8323 | D:10     | 8323 ||| BUYING scroll of identify (20 gold).
  8323 | D:10     | Bought a scroll of identify for 20 gold pieces
  8323 | D:10     | 8323 ||| BUYING scroll of identify (20 gold).
  8323 | D:10     | Bought a scroll of identify for 20 gold pieces
  8323 | D:10     | 8323 ||| BUYING scroll of identify (20 gold).
  8323 | D:10     | Bought a scroll of identify for 20 gold pieces
  8323 | D:10     | 8323 ||| BUYING scroll of teleportation (30 gold).
  8323 | D:10     | Bought a scroll of teleportation for 30 gold pieces
  8323 | D:10     | 8323 ||| BUYING scroll of teleportation (30 gold).
  8323 | D:10     | Bought a scroll of teleportation for 30 gold pieces
  8415 | D:10     | Noticed Fannar
  8430 | D:10     | Killed Fannar
  8431 | D:10     | Reached skill level 12 in Shields
  8431 | D:10     | Reached XP level 11. HP: 85/100 MP: 11/11
  8586 | D:10     | Found a staircase to the Lair.
  8853 | D:10     | 8853 ||| PLANNING LAIR
  8853 | D:10     | 8853 ||| UPGRADING to +0 troll leather armour.
  8863 | D:10     | 8863 ||| UPGRADING to +2 robe of cold resistance.
  8873 | D:10     | 8873 ||| DROPPING +0 robe of Zeotea {Harm Str+4}.
  8874 | D:10     | 8874 ||| READING 8 scrolls of identify.
  8874 | D:10     | 8874 ||| IDENTIFYING clear potion
  8875 | D:10     | 8875 ||| READING 7 scrolls of identify.
  8875 | D:10     | 8875 ||| IDENTIFYING murky orange potion
  8876 | D:10     | 8876 ||| READING 6 scrolls of identify.
  8876 | D:10     | 8876 ||| IDENTIFYING metallic ruby potion
  8877 | D:10     | 8877 ||| DROPPING potion of attraction.
  8878 | D:10     | 8878 ||| DROPPING potion of lignification.
  8970 | Lair:1   | Entered Level 1 of the Lair of Beasts
  9146 | Lair:1   | Identified the +1 scale mail "Ylynysh" {rElec rPois rC-
                  | Slay+2}
  9206 | Lair:1   | 9206 ||| READING scroll of acquirement.
  9206 | Lair:1   | 9206 ||| ACQUIRING +5 kite shield "Corab" {-Cast rElec
                  | rPois rN+ SInv}
  9206 | Lair:1   | Acquired the +5 kite shield "Corab" {-Cast rElec rPois rN+
                  | SInv}
  9208 | Lair:1   | 9208 ||| UPGRADING to +5 kite shield "Corab" {-Cast rElec
                  | rPois rN+ SInv}.
  9218 | Lair:1   | 9218 ||| REMOVING ring of see invisible.
  9386 | Lair:1   | Identified the +4 ring mail "Coot" {rPois Int+5}
  9793 | Lair:2   | 9793 ||| INVOKING Fiery Armour.
  9794 | Lair:2   | 9794 ||| Stepping ~*~*~tactically~*~*~ (stealth).
  9795 | Lair:2   | 9795 ||| Stepping ~*~*~tactically~*~*~ (stealth).
  9815 | Lair:2   | Reached skill level 11 in Unarmed Combat
  9818 | Lair:2   | 9818 ||| Stepping ~*~*~tactically~*~*~ (stealth).
  9861 | Lair:2   | 9861 ||| Stepping ~*~*~tactically~*~*~ (stealth).
  9972 | Lair:2   | 9972 ||| Stepping ~*~*~tactically~*~*~ (outnumbered).
  9974 | Lair:2   | 9974 ||| Stepping ~*~*~tactically~*~*~ (outnumbered).
  9975 | Lair:2   | 9975 ||| Stepping ~*~*~tactically~*~*~ (outnumbered).
  9977 | Lair:2   | 9977 ||| Stepping ~*~*~tactically~*~*~ (outnumbered).
  9980 | Lair:2   | Reached skill level 12 in Unarmed Combat
 10052 | Lair:2   | Noticed an oklob plant
 10053 | Lair:2   | 10053 ||| INVOKING Fiery Armour.
 10060 | Lair:2   | Killed an oklob plant
 10162 | Lair:2   | Found a hole to the Spider Nest.
 10304 | Lair:2   | 10304 ||| Stepping ~*~*~tactically~*~*~ (stealth).
 10305 | Lair:2   | 10305 ||| Stepping ~*~*~tactically~*~*~ (stealth).
 10317 | Lair:2   | 10317 ||| Stepping ~*~*~tactically~*~*~ (outnumbered).
 10318 | Lair:2   | 10318 ||| Stepping ~*~*~tactically~*~*~ (outnumbered).
 10327 | Lair:2   | 10327 ||| Stepping ~*~*~tactically~*~*~ (outnumbered).
 10329 | Lair:2   | 10329 ||| Stepping ~*~*~tactically~*~*~ (outnumbered).
 10330 | Lair:2   | 10330 ||| Stepping ~*~*~tactically~*~*~ (outnumbered).
 10331 | Lair:2   | 10331 ||| Stepping ~*~*~tactically~*~*~ (outnumbered).
 10332 | Lair:2   | 10332 ||| Stepping ~*~*~tactically~*~*~ (outnumbered).
 10333 | Lair:2   | 10333 ||| Stepping ~*~*~tactically~*~*~ (outnumbered).
 10334 | Lair:2   | 10334 ||| Stepping ~*~*~tactically~*~*~ (outnumbered).
 10335 | Lair:2   | 10335 ||| Stepping ~*~*~tactically~*~*~ (outnumbered).
 10336 | Lair:2   | 10336 ||| Stepping ~*~*~tactically~*~*~ (outnumbered).
 10338 | Lair:2   | 10338 ||| Stepping ~*~*~tactically~*~*~ (outnumbered).
 10339 | Lair:2   | 10339 ||| Stepping ~*~*~tactically~*~*~ (outnumbered).
 10342 | Lair:2   | 10342 ||| Stepping ~*~*~tactically~*~*~ (outnumbered).
 10343 | Lair:2   | 10343 ||| Stepping ~*~*~tactically~*~*~ (outnumbered).
 10345 | Lair:2   | 10345 ||| Stepping ~*~*~tactically~*~*~ (outnumbered).
 10346 | Lair:2   | 10346 ||| Stepping ~*~*~tactically~*~*~ (outnumbered).
 10349 | Lair:2   | 10349 ||| Stepping ~*~*~tactically~*~*~ (outnumbered).
 10350 | Lair:2   | 10350 ||| Stepping ~*~*~tactically~*~*~ (outnumbered).
 10351 | Lair:2   | 10351 ||| Stepping ~*~*~tactically~*~*~ (outnumbered).
 10354 | Lair:2   | Reached skill level 13 in Unarmed Combat
 10359 | Lair:2   | Reached skill level 1 in Armour
 10374 | Lair:2   | 10374 ||| INVOKING Fiery Armour.
 10386 | Lair:2   | Reached XP level 12. HP: 111/111 MP: 12/12
 10406 | Lair:2   | 10406 ||| Stepping ~*~*~tactically~*~*~ (stealth).
 10408 | Lair:2   | 10408 ||| Stepping ~*~*~tactically~*~*~ (stealth).
 10417 | Lair:2   | 10417 ||| Stepping ~*~*~tactically~*~*~ (outnumbered).
 10513 | Lair:2   | 10513 ||| Stepping ~*~*~tactically~*~*~ (stealth).
 10515 | Lair:2   | 10515 ||| INVOKING Fiery Armour.
 10559 | Lair:2   | 10559 ||| Stepping ~*~*~tactically~*~*~ (hiding).
 10805 | Lair:2   | 10805 ||| PLANNING TEMPLE
 10805 | Lair:2   | 10805 ||| DROPPING amulet of guardian spirit.
 10806 | Lair:2   | 10806 ||| DROPPING ring of see invisible.
 10807 | Lair:2   | 10807 ||| DROPPING ring of ice.
 10808 | Lair:2   | 10808 ||| UPGRADING to +4 ring of evasion.
 10809 | Lair:2   | 10809 ||| READING scroll labelled ISE WEBESSE.
 10990 | Temple   | Entered the Ecumenical Temple
 10998 | Temple   | 10998 ||| PLANNING CONVERSION TO OKAWARU
 11003 | Temple   | Fell from the grace of Ignis
 11003 | Temple   | Became a worshipper of Warmaster Okawaru
 11004 | Temple   | 11004 ||| PLANNING LAIR
 11195 | Lair:3   | Noticed Snorg
 11209 | Lair:3   | Killed Snorg
 11209 | Lair:3   | Noticed Nergalle
 11210 | Lair:3   | Reached skill level 14 in Unarmed Combat
 11210 | Lair:3   | 11210 ||| FLEEEEING.
 11211 | Lair:3   | 11211 ||| FLEEEEING.
 11212 | Lair:3   | 11212 ||| FLEEEEING.
 11213 | Lair:3   | 11213 ||| STAIRDANCE
 11263 | Lair:3   | 11263 ||| Stepping ~*~*~tactically~*~*~ (outnumbered).
 11264 | Lair:3   | 11264 ||| Stepping ~*~*~tactically~*~*~ (outnumbered).
 11265 | Lair:3   | 11265 ||| Stepping ~*~*~tactically~*~*~ (outnumbered).
 11268 | Lair:3   | 11268 ||| Stepping ~*~*~tactically~*~*~ (outnumbered).
 11269 | Lair:3   | 11269 ||| Stepping ~*~*~tactically~*~*~ (outnumbered).
 11270 | Lair:3   | 11270 ||| Stepping ~*~*~tactically~*~*~ (outnumbered).
 11274 | Lair:3   | HP: 26/105 [spectral orc knight/+2 dire flail[Nergalle]
                  | (2)]
 11275 | Lair:3   | 11275 ||| READING 6 scrolls of teleportation.
 11275 | Lair:3   | HP: 11/105 [spectral orc knight/+2 dire flail[Nergalle]
                  | (16)]
 11276 | Lair:3   | 11276 ||| DRINKING potion of heal wounds.
 11278 | Lair:3   | Killed Nergalle
 11303 | Lair:3   | 11303 ||| Stepping ~*~*~tactically~*~*~ (outnumbered).
 11308 | Lair:3   | HP: 25/111 [fire elemental[the fiery vengeance of Ignis]
                  | (9)]
 11309 | Lair:3   | 11309 ||| READING 5 scrolls of teleportation.
 11309 | Lair:3   | HP: 8/111 [fire elemental[the fiery vengeance of Ignis]
                  | (9)]
 11309 | Lair:3   | Slain by a fire elemental

Levels and vault maps discovered:
D:1:      lightli_arrival_boilingwater, layout_rooms, serial_shops,
          nicolae_shop_waterfront, dk_noncrumbling_3, minmay_misc_feat_columns,
          minmay_stone_trees_medium, st_stairs_5
D:2:      minmay_diamond_boxcup, layout_loops_cross,
          shapermc_ecumenical_altar_ellora, serial_shops,
          nicolae_shop_hallway_plus
D:3:      layout_loops_corners, lemuel_tele_altar, minivault_23, uniq_sigmund
D:4:      kennysheep_big_flooded_room, layout_basic,
          mainiacjoe_overflow_catch_the_wave, cheibrodos_gnoll_hut
D:5:      layout_basic, serial_bayou_lagoon_b, uniq_crazy_yiuf_cottage
D:6:      nicolae_cairo_tiling_large_dashed, layout_loops_ring,
          minmay_temple_entry_glass, uniq_grinder
D:7:      layout_basic, nicolae_overflow_hidden_temple, serial_undead,
          serial_undead_a, serial_undead_c, serial_undead_c, serial_undead_c,
          serial_undead_d, serial_undead_a, serial_undead_b
D:8:      layout_basic, led_xom_imps, nicolae_overflow_crystal_walls,
          bloody_makhleb, enter_bailey_5, uniq_grum, uniq_maurice
D:9:      layout_loops_ring, nicolae_hepliaklqana_monster_ancestors,
          kennysheep_donut, uniq_erolcha
D:10:     layout_layer_cave, david_lair_shrubbed, serial_shops,
          nicolae_square_shop, nicolae_shop_behind_doors, shop_fountains,
          hangedman_decor_growths, uniq_fannar
Temple:   zaba_magenta_temple
Lair:1:   layout_cave_pods, chequers_serial_rivers_room_b
Lair:2:   layout_loops_ring, hellmonk_spider_entry_not_the_bees,
          infiniplex_staircase_pool
Lair:3:   nzn_motion_control, layout_big_grid, minmay_shoals_entry_beasts,
          grunt_megastairs_4, uniq_amaemon, uniq_josephine, uniq_snorg,
          uniq_nergalle

Skill      XL: |  1  2  3  4  5  6  7  8  9 10 11 12 |
---------------+-------------------------------------+-----
Unarmed Combat | 4 5 6 7 8 9 10 13 14 | 14.2
Throwing       | 1 2 3 |  3.2
Fighting       | 3 4 5 |  5.6
Shields        | 5 9 12 | 12.0
Dodging        | 1 |  1.1
Armour         | 1 |  1.1
Spellcasting   | |  1.0
Fire Magic     | |  2.1

Action                   |  1- 3 |  4- 6 |  7- 9 | 10-12 || total
-------------------------+-------+-------+-------+-------++-------
Melee: Unarmed           |   128 |    96 |   217 |   417 ||   858
       Punch             |     1 |     2 |     5 |       ||     8
Throw: Large rock        |       |    17 |    32 |     4 ||    53
       Boomerang         |       |       |    26 |     1 ||    27
Invok: Fiery Armour      |       |     1 |     5 |     7 ||    13
  Use: Scroll            |     1 |     5 |     8 |    17 ||    31
       Potion            |       |     1 |     2 |     2 ||     5
Armor: Robe              |    33 |    27 |    58 |    71 ||   189
Dodge: Dodged            |    56 |    35 |    51 |    71 ||   213
Block: Tower shield      |       |       |   108 |   161 ||   269
       Reflection        |       |       |       |     9 ||     9
       Kite shield       |       |       |       |   207 ||   207

Table legend:
 A = Non-vault XP
 B = Vault XP
 C = Vault XP percentage of total XP
 D = Non-vault monster count
 E = Vault monster count
 F = Vault count percentage of total count
                 A         B        C        D         E       F
            +---------+---------+-------+---------+---------+-------
      Total |   19599 |    7566 |  27.9 |     238 |      64 |  21.2
            +---------+---------+-------+---------+---------+-------
        D:1 |      31 |       8 |  20.5 |      20 |       4 |  16.7
        D:2 |      69 |      28 |  28.9 |      22 |      10 |  31.2
        D:3 |     197 |     223 |  53.1 |      25 |       1 |   3.8
        D:4 |     397 |     103 |  20.6 |      25 |       5 |  16.7
        D:5 |     621 |       0 |   0.0 |      22 |       0 |   0.0
        D:6 |     818 |     277 |  25.3 |      17 |       1 |   5.6
        D:7 |     697 |    1146 |  62.2 |      14 |      16 |  53.3
        D:8 |     850 |    1317 |  60.8 |      13 |      14 |  51.9
        D:9 |    1827 |     885 |  32.6 |      23 |       3 |  11.5
       D:10 |    1239 |    1231 |  49.8 |      12 |       2 |  14.3
     Lair:1 |     361 |       0 |   0.0 |       1 |       0 |   0.0
     Lair:2 |   12095 |     608 |   4.8 |      43 |       6 |  12.2
     Lair:3 |     397 |    1740 |  81.4 |       1 |       2 |  66.7
            +---------+---------+-------+---------+---------+-------
